 Dungeon Crawl Stone Soup version 0.28.0 (webtiles) character file.

Game seed: 8267737730722957230

2235 dorian the Zephyrmancer (level 9, -3/45 HPs)
             Began as a Tengu Air Elementalist on Feb 11, 2022.
             Was an Initiate of Vehumet.
             Slain by a boulder beetle (29 damage)
             ... on level 7 of the Dungeon.
             The game lasted 00:18:10 (8497 turns).

dorian the Zephyrmancer (Tengu Air Elementalist)    Turns: 8497, Time: 00:18:11

Health: -3/45      AC:  4    Str:  8    XL:     9   Next: 36%
Magic:  13/17      EV: 15    Int: 19    God:    Vehumet [......]
Gold:   86         SH:  0    Dex: 16    Spells: 8/18 levels left

rFire   . . .      SeeInvis .   e - staff of conjuration
rCold   . . .      Faith    .   (no shield)
rNeg    . . .      Spirit   .   a - +0 robe
rPois   .          Reflect  .   (helmet restricted)
rElec   .          Harm     .   m - +1 cloak
rCorr   .          Rampage  .   (no gloves)
Will    .....                   (boots unavailable)
Stlth   ++........              (no amulet)
HPRegen 0.15/turn               (no ring)
MPRegen 0.15/turn               (no ring)

@: flying quickly and evasively, quick
A: beak, talons 3, nimble flight
a: Renounce Religion


You were on level 7 of the Dungeon.
You worshipped Vehumet.
Vehumet was noncommittal.
You visited 2 branches of the dungeon, and saw 8 of its levels.

You collected 183 gold pieces.
You spent 97 gold pieces at shops.

Inventory:

Hand Weapons
 b - a +3 falchion of freezing
Armour
 a - a +0 robe (worn)
 h - the +6 ring mail of Isuruom {Fly}
   (You found it on level 4 of the Dungeon)

   Fly:       It grants you flight.
 m - a +1 cloak (worn)
Magical Staves
 d - a staff of cold
 e - a staff of conjuration (weapon)
 q - a staff of earth
Wands
 r - a wand of flame (14)
 t - a wand of digging (8)
Scrolls
 f - a scroll of enchant armour
 g - a scroll of teleportation
 o - a scroll of blinking
 s - a scroll of magic mapping
Potions
 c - 4 potions of flight
 i - 2 potions of cancellation
 j - 2 potions of haste
 k - 3 potions of curing
 l - a potion of resistance
 n - a potion of lignification
 p - a potion of degeneration {unknown}


   Skills:
 - Level 2.1 Dodging
 - Level 2.0 Stealth
 + Level 5.3 Spellcasting
 * Level 10.1 Conjurations
 * Level 10.8 Air Magic


You had 8 spell levels left.
You knew the following spells:

 Your Spells              Type           Power      Damage    Failure   Level
a - Shock                 Conj/Air       100%       1d9       1%          1
b - Static Discharge      Conj/Air       61%        N/A       1%          2
c - Swiftness             Air            46%        N/A       1%          3
d - Airstrike             Air            23%        N/A       1%          4

Your spell library contained the following spells:

 Spells                   Type           Power      Damage    Failure   Level
 Conjure Flame            Conj/Fire      36%        6-21      4%          3
 Hailstorm                Conj/Ice       36%        3d9       16%         4
 Sticky Flame             Conj/Fire      36%        2d6       16%         4
 Ignite Poison            Fire/Tmut/Pois 5%         N/A       36%         3
 Summon Guardian Golem    Hex/Summ       5%         N/A       36%         3
 Ice Form                 Ice/Tmut       5%         N/A       77%         4
 Orb of Destruction       Conj           30%        9d10      85%         7
 Simulacrum               Ice/Necr       2%         N/A       100%        6
 Spellforged Servitor     Conj/Summ      18%        N/A       100%        7


Dungeon Overview and Level Annotations

Branches:
Dungeon (7/15)             Temple (1/1) D:6

Altars:
Ashenzari
Cheibriados
Dithmenos
Elyvilon
Fedhas
Gozag
Hepliaklqana
Kikubaaqudgha
Makhleb
Nemelex Xobeh
Okawaru
Qazlal
Ru
Sif Muna
Trog
Uskayaw
Vehumet
Wu Jian
Xom
Yredelemnul
Zin
The Shining One

Shops:
D:2 ?   D:6 ?*:*=

Annotations:
D:3 Grinder


Innate Abilities, Weirdness & Mutations

You have a beak for a mouth.
You have claws for feet.
Your magical nature lets you fly swiftly and evasively.


Message History

The boulder beetle is moderately wounded.
The boulder beetle curls into a ball and begins rolling!
Casting: Airstrike (dangerous; 1% risk of failure)
Confirm with . or Enter, or press ? or * to list all spells.
Aiming: Airstrike (dangerous; 1% risk of failure)
Press: ? - help, Dir - move target, f/p - boulder beetle
Aim: a boulder beetle (moderately wounded, rolling, empty space bonus: 8/8)
The air twists around and strikes the boulder beetle!
The boulder beetle is heavily wounded.
You fly upwards.
There is a stone staircase leading down here.
You start resting.
HP restored.
You start resting.
Magic restored.
There is a stone staircase leading down here.
There is a stone staircase leading down here.
You fly downwards.
There is a stone staircase leading up here.
A boulder beetle is nearby!
You feel a surge of power!
The zap hits the boulder beetle but does no damage.
The boulder beetle curls into a ball and begins rolling!
You feel a surge of power!
The zap hits the boulder beetle but does no damage.
You feel a surge of power!
The zap hits the boulder beetle but does no damage.
The boulder beetle hits you!
The boulder beetle stops rolling and uncurls.
Casting: Shock (safe; 1% risk of failure)
Confirm with . or Enter, or press ? or * to list all spells.
You feel a surge of power!
The boulder beetle is struck by an arc of lightning.
The boulder beetle is lightly wounded.
You are struck by an arc of lightning.
The boulder beetle is struck by an arc of lightning!
The boulder beetle is lightly wounded.
The lightning grounds out.
The boulder beetle bites you!!
Ouch! That really hurt!
You die...

............
##...........
#............
###...........
##.#..<........
............#..
##.......###..#
.#..##...## #
.......@..#### #
........B....#.?.#
.......##°.......#
..........####°.....##
.............○.....## .
...................# .
$..........B......##
..........°..$.....#
..............°.....##..#


You could see a boulder beetle.

Vanquished Creatures
  A hornet (D:7)
  Prince Ribbit (D:6)
  Sigmund (D:5)
  A water moccasin (D:6)
  2 necrophages
  An ice beast (D:5)
  2 ogres
  2 centaurs
  A kobold brigand (D:6)
  3 scorpions
  A wyvern skeleton (D:5)
  4 jellies
  3 hounds (D:5)
  A centaur zombie (D:5)
  Crazy Yiuf (D:2)
  A bullfrog skeleton (D:4)
  A centaur skeleton (D:5)
  Jessica (D:2)
  An iguana (D:5)
  2 orc wizards
  2 hound skeletons
  4 gnolls (D:3)
  8 adders
  A shadow imp (D:6)
  2 white imps
  An adder skeleton (D:5)
  A worm (D:5)
  12 orcs
  11 endoplasms
  3 giant cockroaches (D:1)
  8 goblins
  10 hobgoblins
  8 jackals
  14 kobolds
  4 quokkas
  5 ball pythons
  3 bats
  3 frilled lizards
  9 rats
140 creatures vanquished.

Vanquished Creatures (others)
  9 plants (D:5)
9 creatures vanquished.

Grand Total: 149 creatures vanquished

Notes
Turn   | Place    | Note
-------+----------+-------------------------------------------
     0 | D:1      | dorian the Tengu Air Elementalist began the quest for the
                  | Orb.
     0 | D:1      | Reached XP level 1. HP: 10/10 MP: 4/4
   220 | D:1      | Reached XP level 2. HP: 14/15 MP: 3/6
   590 | D:1      | Reached XP level 3. HP: 19/19 MP: 5/7
  1352 | D:2      | Reached skill level 5 in Air Magic
  1395 | D:2      | Learned a level 2 spell: Static Discharge
  1502 | D:2      | Reached XP level 4. HP: 24/24 MP: 6/8
  1521 | D:2      | Found Xyimooq's Magic Scroll Boutique.
  1804 | D:2      | Found a runed translucent door.
  1805 | D:2      | Noticed Crazy Yiuf
  1844 | D:2      | Noticed Jessica
  1849 | D:2      | Killed Jessica
  2262 | D:2      | Learned a level 3 spell: Swiftness
  2288 | D:2      | Killed Crazy Yiuf
  2289 | D:2      | Gained mutation: Your magical nature lets you fly swiftly
                  | and evasively. [Tengu growth]
  2289 | D:2      | Reached XP level 5. HP: 28/28 MP: 2/10
  2565 | D:3      | Noticed Grinder
  2726 | D:3      | Reached XP level 6. HP: 32/32 MP: 3/11
  2832 | D:3      | Reached skill level 5 in Conjurations
  3149 | D:3      | Found a faded altar of an unknown god.
  3541 | D:4      | Learned a level 4 spell: Airstrike
  3546 | D:4      | Noticed a necrophage
  3553 | D:4      | Killed a necrophage
  3733 | D:4      | Identified the +6 ring mail of Isuruom {Fly}
  4573 | D:5      | Entered Level 5 of the Dungeon
  4577 | D:5      | Reached XP level 7. HP: 29/36 MP: 8/13
  5438 | D:5      | Found an ornate altar of the Wu Jian Council.
  5440 | D:5      | Found a bloodstained altar of Trog.
  5525 | D:5      | Noticed Sigmund
  5531 | D:5      | Found a broken altar of Ashenzari.
  5740 | D:5      | Reached XP level 8. HP: 21/41 MP: 6/15
  5875 | D:5      | Killed Sigmund
  6060 | D:5      | Found a shimmering blue altar of Sif Muna.
  6063 | D:5      | Found a basalt altar of Yredelemnul.
  6838 | D:6      | Found Ympamuir's General Store.
  6841 | D:6      | Found Coen's Magic Scroll Boutique.
  6849 | D:6      | Bought a scroll of blinking for 97 gold pieces
  7023 | D:6      | Found Ufub's Book Shop.
  7083 | D:6      | Found a stormy altar of Qazlal.
  7090 | D:6      | Noticed Prince Ribbit
  7093 | D:6      | Killed Prince Ribbit
  7094 | D:6      | Reached skill level 5 in Spellcasting
  7094 | D:6      | Reached skill level 10 in Air Magic
  7094 | D:6      | Reached XP level 9. HP: 28/45 MP: 4/17
  7204 | D:6      | Found a staircase to the Ecumenical Temple.
  7213 | Temple   | Entered the Ecumenical Temple
  7245 | Temple   | Became a worshipper of Vehumet
  7461 | D:6      | Found Zaghoh's Jewellery Shoppe.
  7823 | D:6      | Found Unniwakk's Assorted Antiques.
  8182 | D:7      | Noticed a boulder beetle
  8217 | D:7      | Noticed a hornet
  8225 | D:7      | Killed a hornet
  8226 | D:7      | Reached skill level 10 in Conjurations
  8497 | D:7      | Slain by a boulder beetle

Illustrated notes

Levels and vault maps discovered:
D:1:      evilmike_arrival_crescent, layout_loops_ring
D:2:      layout_basic, serial_shops,
          nicolae_shop_temple_entry_statues_fountains, uniq_crazy_yiuf_cottage,
          uniq_jessica
D:3:      layout_basic, chequers_ecumenical_altar_grove, uniq_grinder
D:4:      layout_basic
D:5:      layout_cave_pools, nicolae_ashenzari_panopticon,
          grunt_temple_overflow_open, grunt_decor_fettered,
          serial_bayou_lagoon_b, uniq_sigmund
D:6:      layout_loops_ring, general_overflow_altar, minmay_temple_entry_glass,
          serial_co_window_serial, co_window_of_opportunity_a,
          co_window_paths_b, co_window_paths_a, co_window_corner_a,
          co_window_corner_a, co_window_of_opportunity_b,
          co_window_unsneaky_path_e, co_window_corner_b, co_window_2corner,
          co_window_corner_b, co_window_4corner_b, glass_columns_a,
          glass_columns_c, glass_columns_c, serial_shops, kennysheep_little_box,
          nicolae_shop_trees, nicolae_lakefront_shop, shop, kennysheep_mini,
          palyth_stone_intersect, eino_small_chamber_without_monster,
          chequers_serial_rivers_micro_e, uniq_prince_ribbit1
D:7:      layout_cave_pools
Temple:   compressed_dpeg_circular_temple

Skill      XL: |  1  2  3  4  5  6  7  8  9 |
---------------+----------------------------+-----
Conjurations   | 2 3 4 5 7 9 10 | 10.1
Air Magic      | 5 6 7 8 10 | 10.8
Spellcasting   | 3 4 5 |  5.3
Dodging        | |  2.1
Stealth        | |  2.0

Action                   |  1- 3 |  4- 6 |  7- 9 || total
-------------------------+-------+-------+-------++-------
Melee: Unarmed           |    14 |       |       ||    14
       Kick              |     4 |       |       ||     4
       Peck              |     3 |       |     1 ||     4
       Staff             |       |       |     1 ||     1
 Cast: Shock             |    64 |   121 |   121 ||   306
       Static Discharge  |       |     4 |    20 ||    24
       Swiftness         |       |     1 |       ||     1
       Airstrike         |       |       |    17 ||    17
  Use: Scroll            |     1 |     7 |     5 ||    13
       Potion            |       |       |     1 ||     1
Armor: Robe              |     2 |     1 |     7 ||    10
Dodge: Dodged            |     8 |     2 |    27 ||    37
